 Dungeon Crawl Stone Soup version 0.28-a0-1227-ga9037bb4c8 (webtiles) character file.

Game seed: 3919307984506959740

134880 pokeman the Sorcerer (level 16, -1/92 HPs)
             Began as a Deep Elf Hedge Wizard on Dec 21, 2021.
             Was a High Priest of Vehumet.
             Slain by a deep elf blademaster (12 damage)
             ... on level 3 of the Elven Halls on Dec 22, 2021.
             The game lasted 01:48:29 (36108 turns).

pokeman the Sorcerer (Deep Elf Hedge Wizard)       Turns: 36108, Time: 01:48:29

Health: -1/92      AC: 16    Str:  7    XL:     16   Next: 63%
Magic:  18/55      EV: 10    Int: 32    God:    Vehumet [*****.]
Gold:   3695       SH: 10    Dex: 14    Spells: 28/63 levels left

rFire   + . .      SeeInvis .   Y - +8 trident of the Octopus King {venom, rElec rPois Will+}
rCold   . . .      Faith    .   K - +0 buckler
rNeg    + + .      Spirit   .   D - +5 ring mail of the Eternal Void {rElec}
rPois   +          Reflect  +   r - +1 hat
rElec   +          Harm     .   q - +1 cloak
rCorr   +          Rampage  .   (no gloves)
Will    ++...                   h - +0 pair of boots "Jovyvosh" {rC+ Int+2}
Stlth   ++........              W - amulet of Jeowav {Reflect rElec rN++ rCorr Slay-3 SH+5}
HPRegen 0.25/turn               i - ring of fire
MPRegen 0.34/turn               e - ring of magical power

@: no status effects
A: clever 1, wild magic 1
a: Renounce Religion


You were on level 3 of the Elven Halls.
You worshipped Vehumet.
Vehumet was extremely pleased with you.
You visited 5 branches of the dungeon, and saw 27 of its levels.
You also visited: Bailey.

You collected 4549 gold pieces.
You spent 854 gold pieces at shops.

Inventory:

Hand Weapons
 R - a +0 arbalest
 Y - the +8 trident of the Octopus King (weapon) {venom, rElec rPois Will+}
   (You found it on level 6 of the Lair of Beasts)

   It poisons the flesh of those it strikes.
   rElec:     It insulates you from electricity.
   rPois:     It protects you from poison.
   Will:      It increases your willpower.
Missiles
 d - 226 bolts
Armour
 h - the +0 pair of boots "Jovyvosh" (worn) {rC+ Int+2}
   (You acquired it in a bailey)

   Int:       It affects your intelligence (+2).
   rC:        It protects you from cold.
 n - a +0 robe of fire resistance
 p - a +2 robe of cold resistance
 q - a +1 cloak (worn)
 r - a +1 hat (worn)
 D - the +5 ring mail of the Eternal Void (worn) {rElec}
   (You took it off a gnoll on level 6 of the Dungeon)

   rElec:     It insulates you from electricity.
 K - a +0 buckler (worn)
Magical Staves
 o - a staff of cold
Jewellery
 e - a ring of magical power (right hand)
 i - a ring of fire (left hand)
 m - the amulet "Ymum" {*Slow Regen+ Int+5}
   (You took it off a deep elf death mage on level 3 of the Elven Halls)

   [amulet of regeneration]

   Int:       It affects your intelligence (+5).
   Regen:     It increases your rate of health regeneration.
   *Slow:     It may slow you when you take damage.
 u - a ring of flight
 C - a ring of wizardry
 U - a ring of fire
 W - the amulet of Jeowav (around neck) {Reflect rElec rN++ rCorr Slay-3 SH+5}
   (You found it on level 11 of the Dungeon)

   [amulet of reflection]

   It reflects blocked missile attacks.
   Slay:      It affects your accuracy & damage with ranged weapons and melee
   (-3).
   rElec:     It insulates you from electricity.
   rN:        It greatly protects you from negative energy.
   rCorr:     It protects you from acid and corrosion.
   SH:        It affects your SH (+5).
 Z - a ring of ice
Wands
 t - a wand of mindburst (52)
Scrolls
 a - a scroll of silence
 c - a scroll of fog
 f - 10 scrolls of teleportation
 j - 4 scrolls of magic mapping
 k - 8 scrolls of blinking
Potions
 b - 10 potions of curing
 w - a potion of ambrosia {unknown}
 x - 2 potions of berserk rage
 y - 2 potions of brilliance
 A - 2 potions of resistance
 B - 10 potions of haste
 E - 8 potions of lignification
 F - 2 potions of mutation
 H - 8 potions of heal wounds
 J - 5 potions of attraction {unknown}
 O - 3 potions of flight {unknown}
 Q - a potion of invisibility
 V - 5 potions of magic
Miscellaneous
 g - a lightning rod (4/4)
 l - a piece from Xom's chessboard (15/15)
 L - a phantom mirror
 M - a phial of floods


   Skills:
 + Level 7.9 Fighting
 - Level 7.0 Armour
 - Level 3.2 Dodging
 - Level 3.4 Stealth
 - Level 4.0 Shields
 * Level 24.4 Spellcasting
 + Level 15.1 Conjurations
 - Level 1.1 Summonings
 - Level 1.1 Translocations
 + Level 14.6 Fire Magic
 - Level 1.0 Ice Magic
 - Level 1.0 Air Magic
 - Level 1.2 Earth Magic
 - Level 1.0 Poison Magic
 - Level 3.1 Evocations


You had 28 spell levels left.
You knew the following spells:

 Your Spells              Type           Power      Damage    Failure   Level
a - Magic Dart            Conj           100%       1d8       1%          1
b - Mephitic Cloud        Conj/Pois/Air  78%        N/A       1%          3
c - Call Imp              Summ           56%        N/A       3%          2
d - Blink                 Tloc           100%       N/A       3%          2
e - Conjure Flame         Conj/Fire      100%       6-21      1%          3
f - Foxfire               Conj/Fire      100%       2x1d9     1%          1
g - Fireball              Conj/Fire      66%        3d25      1%          5
h - Stone Arrow           Conj/Erth      100%       3d13      1%          3
i - Freezing Cloud        Conj/Ice/Air   39%        6-21      2%          5
j - Flame Wave            Conj/Fire      100%       2d14      1%          4
k - Starburst             Conj/Fire      66%        6d17      1%          6

Your spell library contained the following spells:

 Spells                   Type           Power      Damage    Failure   Level
 Ozocubu's Refrigeration  Ice            28%        4d10      95%         7
 Freeze                   Ice            100%       1d11      1%          1
 Static Discharge         Conj/Air       87%        N/A       1%          2
 Frozen Ramparts          Ice            100%       1d12      1%          3
 Fulminant Prism          Conj/Hex       42%        3d20      1%          4
 Hailstorm                Conj/Ice       87%        3d17      1%          4
 Irradiate                Conj/Tmut      42%        3d27      1%          5
 Lightning Bolt           Conj/Air       43%        1d63      1%          5
 Slow                     Hex            100%       N/A       3%          1
 Ensorcelled Hibernation  Hex/Ice        100%       N/A       4%          2
 Passwall                 Tmut/Erth      45%        N/A       4%          2
 Sublimation of Blood     Necr           50%        N/A       5%          2
 Animate Armour           Summ/Erth      100%       N/A       17%         4
 Petrify                  Tmut/Erth      54%        N/A       22%         4
 Alistair's Intoxication  Tmut/Pois      35%        N/A       50%         5
 Summon Mana Viper        Hex/Summ       53%        N/A       50%         5
 Eringya's Noxious Bog    Tmut/Pois      26%        N/A       56%         6
 Lehudib's Crystal Spear  Conj/Erth      43%        10d11     77%         8
 Infestation              Necr           25%        N/A       100%        8
 Maxwell's Capacitive Co  Air            28%        ∞         100%        8


Dungeon Overview and Level Annotations

Branches:
Dungeon (15/15)            Temple (1/1) D:5            Lair (6/6) D:8
 Shoals (0/4) Lair:2        Snake (0/4) Lair:3        Slime (0/5) Lair:6
    Orc (2/2) D:11            Elf (3/3) Orc:2        Vaults (0/5) D:13
 Depths (0/4) D:15         Bailey (visited)

Altars:
Cheibriados
Elyvilon
Fedhas
Hepliaklqana
Kikubaaqudgha
Sif Muna
Uskayaw
Vehumet
Wu Jian
Zin
The Shining One
Beogh
Jiyva

Shops:
D:11 *(?!:   Orc:2 [(?!(

Portals:
Trove: Elf:2 (give +3 gold dragon scales)

Annotations:
Elf:2 3 runed translucent doors


Innate Abilities, Weirdness & Mutations

Your mind is acute. (Int +2)
Your spells are a little harder to cast, but a little more powerful.


Message History

The bolt of fire hits the deep elf blademaster!!
The deep elf blademaster is severely wounded.
Unknown command.
Casting: Starburst (dangerous; 1% risk of failure)
Confirm with . or Enter, or press ? or * to list all spells.
Casting: Starburst (dangerous; 1% risk of failure)
Press: ? - help, Dir - look around, f - activate You feel a surge of power!
The bolt of fire misses the deep elf blademaster.
Unknown command.
Casting: Starburst (dangerous; 1% risk of failure)
Confirm with . or Enter, or press ? or * to list all spells.
Casting: Starburst (dangerous; 1% risk of failure)
Press: ? - help, Dir - look around, f - activate You feel a surge of power!
The bolt of fire misses the deep elf blademaster.
You hear a shout!
The deep elf blademaster closely misses you.
The deep elf blademaster hits you with a +0 rapier.
A deep elf death mage comes into view. It is wielding a +0 long sword.
You completely miss the deep elf blademaster.
The deep elf blademaster is severely wounded.
The deep elf blademaster hits you with a +0 rapier!! x3
* * * LOW HITPOINT WARNING * * *
You block the deep elf blademaster's attack.
Unknown command.
Casting: Starburst (dangerous; 1% risk of failure)
Confirm with . or Enter, or press ? or * to list all spells.
Casting: Starburst (dangerous; 1% risk of failure)
Press: ? - help, Dir - look around, f - activate You feel a surge of power!
The bolt of fire misses the deep elf blademaster.
The bolt of fire hits the deep elf death mage!!!
The deep elf death mage is severely wounded.
You block the deep elf blademaster's attack.
The deep elf blademaster hits you with a +0 rapier!
* * * LOW HITPOINT WARNING * * *
The deep elf blademaster barely misses you.
The deep elf blademaster hits you with a +0 rapier!
You die...

##############
..e)..e@.....#
.###########.#
#.# #.# #.#
#.#####
#.....##
##.....##
#.......##


You could see a deep elf blademaster and a deep elf death mage.

Vanquished Creatures
  Gastronok (Lair:2)
  2 deep elf sorcerers
  A stone giant (D:15)
  2 deep elf demonologists (Elf:3)
  A dire elephant (Lair:6)
  2 deep elf death magi (Elf:3)
  7 hydras
  Fannar (Lair:2)
  2 boulder beetles
  A yaktaur captain (D:15)
  2 ogre magi
  2 vault guards (D:13)
  A merfolk avatar (Lair:6)
  2 death knights (D:13)
  4 centaur warriors
  2 tengu warriors (D:14)
  14 dancing weapons
  8 orc high priests
  6 two-headed ogres
  Urug (D:11)
  Nergalle (Lair:3)
  12 deep elf knights
  A swamp dragon (shapeshifter) (Elf:2)
  A lindwurm (Lair:4)
  12 deep elf archers
  A harpy (Lair:6)
  25 deep elf zephyrmancers
  21 deep elf pyromancers
  A wolf spider zombie (D:7)
  2 orc sorcerers
  11 ugly things
  3 orc knights
  4 manticores
  9 cyclopes
  An oklob plant (Lair:4)
  A merfolk siren (Lair:2)
  7 centaur zombies
  6 elephants
  3 black mambas
  11 cane toads
  4 komodo dragons
  A yaktaur (D:15)
  An efreet (D:15)
  4 kobold demonologists
  An unseen horror (D:11)
  A freezing wraith (D:13)
  3 rime drakes (Lair:6)
  A tengu conjurer (D:15)
  2 hellwings (D:7)
  6 trolls
  3 polar bears
  4 wind drakes (Lair:6)
  A hornet (Lair:6)
  19 blink frogs
  15 slime creatures
  A raiju (shapeshifter) (Elf:1)
  A meliai zombie (D:10)
  2 air elementals
  4 wyverns
  8 water elementals
  4 wraiths
  2 fire elementals (Elf:1)
  8 basilisks
  3 steam dragons
  40 yaks
  8 humans (D:13)
  4 nagas (Lair:3)
  9 wargs
  3 vampire mosquitoes (D:13)
  3 acid dragons
  12 water moccasins
  3 ice beasts
  38 orc warriors
  A sky beast (D:6)
  2 black bears
  15 ogres
  20 wolves
  14 centaurs
  4 kobold brigands
  8 bullfrogs
  A gnoll sergeant (D:9)
  A wyvern zombie (D:6)
  7 earth elementals
  2 scorpions
  A water moccasin skeleton (D:6)
  8 killer bees (D:9)
  5 wights (D:6)
  5 howler monkeys
  17 electric eels
  2 bullfrog zombies
  A jelly (D:8)
  A hound (D:6)
  6 gnoll shamans
  3 centaur skeletons
  36 orc priests
  2 bullfrog skeletons
  2 iguanas
  A scorpion zombie (D:5)
  21 orc wizards
  3 killer bee zombies
  A hound skeleton (D:4)
  2 howler monkey skeletons
  6 adders
  27 gnolls
  4 shadow imps
  A white imp (D:6)
  An ufetubus (D:6)
  An adder skeleton (D:2)
  9 worms
  5 dart slugs
  84 orcs
  An endoplasm (D:1)
  3 giant cockroaches
  13 goblins
  15 hobgoblins
  7 jackals
  17 kobolds
  2 quokkas
  5 ball pythons
  3 bats
  4 frilled lizards
  A quokka skeleton (D:4)
  7 rats
  2 bushes (Lair:3)
824 creatures vanquished.

Vanquished Creatures (collateral kills)
  A water moccasin skeleton (D:4)
  A kobold (D:10)
  5 foxfires (D:9)
7 creatures vanquished.

Vanquished Creatures (others)
  A vault guard (D:13)
  A human (D:13)
  An orc (Orc:2)
  765 foxfires
  28 fungi
  72 plants
  4 toadstools (D:4)
  12 withered plants (D:7)
884 creatures vanquished.

Grand Total: 1715 creatures vanquished

Notes
Turn   | Place    | Note
-------+----------+-------------------------------------------
     0 | D:1      | pokeman the Deep Elf Hedge Wizard began the quest for the
                  | Orb.
     0 | D:1      | Reached XP level 1. HP: 10/10 MP: 7/7
   308 | D:1      | Reached XP level 2. HP: 15/15 MP: 6/9
   665 | D:1      | Found a faded altar of an unknown god.
   805 | D:1      | Reached skill level 5 in Spellcasting
  1193 | D:1      | Reached XP level 3. HP: 20/20 MP: 9/11
  1197 | D:1      | Learned a level 3 spell: Mephitic Cloud
  1200 | D:1      | Learned a level 2 spell: Call Imp
  1203 | D:1      | Learned a level 2 spell: Blink
  1207 | D:1      | Learned a level 3 spell: Conjure Flame
  1725 | D:2      | Reached skill level 1 in Fighting
  1806 | D:2      | Reached skill level 1 in Armour
  2266 | D:2      | Reached XP level 4. HP: 25/25 MP: 9/13
  3152 | D:3      | Noticed an ogre
  3163 | D:3      | Killed an ogre
  3164 | D:3      | Reached skill level 6 in Spellcasting
  3164 | D:3      | Reached XP level 5. HP: 16/29 MP: 2/15
  3355 | D:3      | You fall into a shaft and drop 2 floors!
  3355 | D:5      | Entered Level 5 of the Dungeon
  3452 | D:5      | Found a staircase to the Ecumenical Temple.
  3461 | Temple   | Entered the Ecumenical Temple
  3484 | Temple   | Became a worshipper of Vehumet
  3524 | D:5      | Noticed a two-headed ogre
  3536 | D:5      | Noticed an ice beast
  3718 | D:5      | Found a blossoming altar of Fedhas.
  3765 | D:5      | Killed a two-headed ogre
  3766 | D:5      | Reached skill level 8 in Spellcasting
  3766 | D:5      | Reached XP level 6. HP: 34/34 MP: 1/19
  3766 | D:5      | Reached XP level 7. HP: 38/38 MP: 1/20
  4238 | D:4      | Reached XP level 8. HP: 43/43 MP: 11/22
  4247 | D:4      | Reached skill level 1 in Poison Magic
  4363 | D:4      | Reached skill level 9 in Spellcasting
  4487 | D:3      | Reached skill level 1 in Air Magic
  4741 | D:3      | Reached * piety under Vehumet
  4741 | D:3      | Offered knowledge of Foxfire by Vehumet.
  4746 | D:3      | Learned a level 1 spell: Foxfire
  5476 | D:5      | Reached skill level 1 in Earth Magic
  5687 | D:5      | Reached skill level 5 in Conjurations
  6389 | D:6      | Reached skill level 10 in Spellcasting
  6671 | D:6      | Identified the +5 ring mail of the Eternal Void {rElec}
  6689 | D:6      | HP: 2/44 [gnoll (8)]
  6703 | D:6      | Reached skill level 1 in Shields
  6897 | D:6      | Reached ** piety under Vehumet
  6903 | D:6      | Offered knowledge of Shock by Vehumet.
  6928 | D:6      | Reached XP level 9. HP: 48/48 MP: 5/25
  7162 | D:6      | Reached skill level 11 in Spellcasting
  7651 | D:7      | Noticed a hellwing
  7669 | D:7      | Killed a hellwing
  7670 | D:7      | Reached skill level 5 in Fire Magic
  7684 | D:7      | Noticed a hellwing
  7724 | D:7      | Killed a hellwing
  7725 | D:7      | Reached skill level 12 in Spellcasting
  7748 | D:7      | Reached XP level 10. HP: 24/53 MP: 19/28
  7843 | D:7      | Reached skill level 13 in Spellcasting
  7986 | D:7      | Found an ornate altar of the Wu Jian Council.
  8156 | D:7      | Offered knowledge of Ignite Poison by Vehumet.
  9141 | D:8      | Reached *** piety under Vehumet
  9779 | D:8      | Reached skill level 14 in Spellcasting
  9885 | D:8      | Found a staircase to the Lair.
 10024 | D:8      | Found a snail-covered altar of Cheibriados.
 10024 | D:8      | Found a hide-covered altar of Uskayaw.
 10032 | D:8      | Found an ancient bone altar of Kikubaaqudgha.
 10034 | D:8      | Found a faded altar of an unknown god.
 10036 | D:8      | Found a white marble altar of Elyvilon.
 10507 | D:9      | Offered knowledge of Flame Wave by Vehumet.
 10520 | D:9      | Learned a level 4 spell: Flame Wave
 11100 | D:10     | Entered Level 10 of the Dungeon
 11107 | D:10     | Reached XP level 11. HP: 41/57 MP: 24/31
 11125 | D:9      | Reached **** piety under Vehumet
 11441 | D:10     | HP: 1/57 [acid dragon/splash of acid (22)]
 11716 | D:10     | Offered knowledge of Freezing Cloud by Vehumet.
 11723 | D:10     | Learned a level 5 spell: Freezing Cloud
 11764 | D:10     | Learned a level 3 spell: Stone Arrow
 12067 | D:10     | Reached skill level 15 in Spellcasting
 12157 | D:10     | Reached skill level 1 in Ice Magic
 12961 | D:11     | Found a staircase to the Orcish Mines.
 12975 | D:11     | Found Suonwaz's Magic Scroll Boutique.
 12983 | D:11     | Bought a scroll of identify for 36 gold pieces
 13002 | D:11     | Found a large runed translucent door.
 13002 | D:11     | Found a large runed translucent door.
 13006 | D:11     | Noticed an eight-headed hydra
 13010 | D:11     | Killed an eight-headed hydra
 13023 | D:11     | Noticed a centaur warrior
 13023 | D:11     | Noticed an ogre mage
 13031 | D:11     | Found a large runed translucent door.
 13031 | D:11     | Found a large runed translucent door.
 13141 | D:11     | Found Jalich's Antique Weapon Boutique.
 13212 | D:11     | Noticed Urug
 13225 | D:11     | Killed Urug
 13237 | D:11     | Reached skill level 16 in Spellcasting
 13377 | D:11     | Noticed a cyan ugly thing
 13383 | D:11     | Killed a cyan ugly thing
 13384 | D:11     | Reached XP level 12. HP: 66/66 MP: 27/34
 13453 | D:11     | Identified the amulet of Jeowav {Reflect rElec rN++ rCorr
                  | Slay-3 SH+5}
 13503 | D:11     | Identified the amulet "Fiesche" {Reflect Rampage rPois rC-
                  | SH+5 Stlth+}
 13651 | D:11     | Found Zuni Jiq's Assorted Antiques.
 13651 | D:11     | Noticed a two-headed ogre
 13655 | D:11     | Killed a two-headed ogre
 13766 | D:11     | Found Vivoexal's Distillery.
 13774 | D:11     | Bought 2 potions of heal wounds for 170 gold pieces
 13774 | D:11     | Bought a potion of magic for 136 gold pieces
 13826 | D:11     | Found Rikhlin's Book Shoppe.
 14018 | D:11     | Killed a centaur warrior
 14023 | D:11     | Killed an ogre mage
 14024 | D:11     | Reached skill level 10 in Conjurations
 14846 | D:12     | Reached skill level 17 in Spellcasting
 15347 | D:12     | Noticed a six-headed hydra
 15351 | D:12     | Killed a six-headed hydra
 15913 | D:13     | Noticed a centaur warrior
 15920 | D:13     | Killed a centaur warrior
 15945 | D:13     | Killed a vault guard
 16154 | D:13     | Reached ***** piety under Vehumet
 16156 | D:13     | Offered knowledge of Fireball by Vehumet.
 16163 | D:13     | Learned a level 5 spell: Fireball
 16290 | D:13     | Reached skill level 10 in Fire Magic
 16457 | D:13     | Noticed a death knight
 16558 | D:13     | Killed a death knight
 16559 | D:13     | Reached skill level 18 in Spellcasting
 16690 | D:13     | Noticed a death knight
 16702 | D:13     | Killed a death knight
 16897 | D:13     | Upgraded the game from 0.28-a0-1213-g0243856f03 to
                  | 0.28-a0-1227-ga9037bb4c8
 16904 | D:13     | Noticed a vault guard
 16909 | D:13     | Killed a vault guard
 16910 | D:13     | Reached XP level 13. HP: 70/70 MP: 22/37
 16975 | D:13     | HP: 1/70 [vault guard (22)]
 16981 | D:13     | Reached skill level 5 in Armour
 17505 | D:13     | Found a gate to the Vaults.
 17951 | D:14     | Reached skill level 19 in Spellcasting
 19145 | D:14     | Found a snail-covered altar of Cheibriados.
 19451 | D:15     | Entered Level 15 of the Dungeon
 19506 | D:15     | Noticed a stone giant
 19510 | D:15     | Killed a stone giant
 19511 | D:15     | Reached skill level 5 in Fighting
 19581 | D:15     | Found a staircase to the Depths.
 19846 | D:15     | Found a shimmering blue altar of Sif Muna.
 20259 | D:15     | Got the Tome of Shape Shifting
 21264 | Lair:1   | Entered Level 1 of the Lair of Beasts
 21642 | Lair:1   | Reached skill level 20 in Spellcasting
 22262 | Lair:2   | Reached XP level 14. HP: 79/79 MP: 12/40
 22632 | Lair:2   | Noticed Fannar
 22644 | Lair:2   | Killed Fannar
 22801 | Lair:2   | Identified 2 scrolls of acquirement
 22878 | Lair:2   | Offered knowledge of Starburst by Vehumet.
 22890 | Lair:2   | Learned a level 6 spell: Starburst
 23283 | Lair:2   | Noticed Gastronok
 23293 | Lair:2   | Killed Gastronok
 23708 | Lair:2   | Found a staircase to the Shoals.
 23964 | Lair:3   | Noticed Nergalle
 24147 | Lair:3   | Killed Nergalle
 24530 | Lair:3   | Found a staircase to the Snake Pit.
 24539 | Lair:3   | Reached skill level 21 in Spellcasting
 27030 | Lair:6   | Entered Level 6 of the Lair of Beasts
 27233 | Lair:6   | Offered knowledge of Spellforged Servitor by Vehumet.
 27619 | Lair:6   | Found a viscous altar of Jiyva.
 27656 | Lair:6   | Found a staircase to the Slime Pits.
 27776 | Lair:6   | Reached XP level 15. HP: 84/84 MP: 22/42
 28335 | Lair:6   | Found the +8 trident of the Octopus King {venom, rElec
                  | rPois Will+}
 28374 | Lair:6   | Acquired 696 gold pieces
 28375 | Lair:6   | Acquired 970 gold pieces
 28811 | Orc:1    | Entered Level 1 of the Orcish Mines
 29009 | Orc:2    | Entered Level 2 of the Orcish Mines
 29009 | Orc:2    | Found a staircase to the Elven Halls.
 29056 | Orc:2    | Reached skill level 22 in Spellcasting
 29096 | Orc:1    | Found a flagged portal.
 29105 | Bailey   | Entered a bailey
 29290 | Bailey   | Found an iron altar of Okawaru.
 29299 | Bailey   | Gained mutation: You are clumsy. (Dex -2) [a neqoxec]
 29564 | Bailey   | Got Sif Muna's Incunabulum of Duck's Teeth
 29695 | Bailey   | Acquired the +0 pair of boots "Jovyvosh" {rC+ Int+2}
 30567 | Orc:1    | Offered knowledge of Iskenderun's Battlesphere by Vehumet.
 31122 | Orc:2    | Found Ekemosk's Weapon Shoppe.
 31140 | Orc:2    | Found Pomianub's Antique Armour Shop.
 31404 | Orc:2    | Found Qaduoss's Distillery.
 31404 | Orc:2    | Found Yneiqase's Magic Scroll Shop.
 31409 | Orc:2    | Bought a potion of heal wounds for 60 gold pieces
 31409 | Orc:2    | Bought a potion of haste for 120 gold pieces
 31409 | Orc:2    | Bought a potion of berserk rage for 60 gold pieces
 31409 | Orc:2    | Bought a potion of curing for 36 gold pieces
 31409 | Orc:2    | Bought a potion of curing for 36 gold pieces
 31418 | Orc:2    | Bought a scroll of identify for 22 gold pieces
 31418 | Orc:2    | Bought a scroll of identify for 22 gold pieces
 31418 | Orc:2    | Bought a scroll of magic mapping for 38 gold pieces
 31418 | Orc:2    | Bought a scroll of identify for 22 gold pieces
 31452 | Orc:2    | Offered knowledge of Lee's Rapid Deconstruction by Vehumet.
 31635 | Orc:2    | Found Qaogaa's Antique Weapon Shoppe.
 32118 | Orc:2    | Bought a potion of mutation for 96 gold pieces
 32119 | Orc:2    | Lost mutation: You are clumsy. (Dex -2) [potion of
                  | mutation]
 32119 | Orc:2    | Gained mutation: You sometimes lose the ability to read
                  | scrolls when taking damage. [potion of mutation]
 32119 | Orc:2    | Lost mutation: You sometimes lose the ability to read
                  | scrolls when taking damage. [potion of mutation]
 32119 | Orc:2    | Gained mutation: You have hidden genetic defects. [potion
                  | of mutation]
 32119 | Orc:2    | Gained mutation: Your flesh is heat resistant. (rF+)
                  | [potion of mutation]
 32120 | Orc:2    | Lost mutation: Your flesh is heat resistant. (rF+) [potion
                  | of mutation]
 32120 | Orc:2    | Lost mutation: You have hidden genetic defects. [potion of
                  | mutation]
 32120 | Orc:2    | Gained mutation: You occasionally shout uncontrollably at
                  | your foes. [potion of mutation]
 32121 | Orc:2    | Gained mutation: Your natural rate of healing is unusually
                  | fast. [potion of mutation]
 32122 | Orc:2    | Lost mutation: You occasionally shout uncontrollably at
                  | your foes. [potion of mutation]
 32122 | Orc:2    | Lost mutation: Your natural rate of healing is unusually
                  | fast. [potion of mutation]
 32122 | Orc:2    | Gained mutation: Your mind is acute. (Int +2) [potion of
                  | mutation]
 32122 | Orc:2    | Gained mutation: Your spells are a little harder to cast,
                  | but a little more powerful. [potion of mutation]
 32148 | Elf:1    | Entered Level 1 of the Elven Halls
 32234 | Elf:1    | Identified the +4 hand axe of Xisid {antimagic, rF+ Will+}
 32266 | Elf:1    | Paralysed by an air elemental for 1 turns
 32500 | Elf:1    | Reached skill level 23 in Spellcasting
 33215 | Elf:1    | Reached XP level 16. HP: 64/90 MP: 39/45
 34029 | Elf:2    | Found a portal to a secret trove of treasure.
 34035 | Elf:2    | Offered knowledge of Ozocubu's Refrigeration by Vehumet.
 34251 | Elf:2    | Found a runed translucent gate.
 34251 | Elf:2    | Found a runed translucent gate.
 34253 | Elf:2    | Found a runed translucent gate.
 34260 | Elf:2    | Paralysed by an air elemental for 1 turns
 35288 | Elf:3    | Entered Level 3 of the Elven Halls
 35298 | Elf:3    | Reached skill level 24 in Spellcasting
 35688 | Elf:3    | Reached skill level 15 in Conjurations
 36032 | Elf:3    | Identified the amulet "Ymum" {*Slow Regen+ Int+5}
 36101 | Elf:3    | Noticed a deep elf blademaster
 36108 | Elf:3    | Slain by a deep elf blademaster

Illustrated notes

Levels and vault maps discovered:
D:1:      sevenhm_arrival_forest_fort_small_5, layout_loops_ring,
          chequers_ecumenical_altar_simple_redux, minmay_parallelograms,
          dk_noncrumbling_2, serial_bayou_pond_a
D:2:      layout_loops_ring
D:3:      layout_rooms, nicolae_wormholes
D:4:      layout_basic, minmay_liquid_box, minmay_gold_behind_fungi,
          minmay_distorted
D:5:      layout_basic, fedhas_bush_and_centaur_altar, minmay_temple_entry_grid,
          nrook_loot_triangle
D:6:      layout_gridville, minivault_11
D:7:      cheibrodos_grave_circle, layout_loops_ring,
          mainiacjoe_overflow_small_starburst, grunt_decor_arrowhead
D:8:      layout_layer_cave, chequers_temple_overflow_minitemple,
          erik_lair_dragon, roderic_roman_lattice
D:9:      layout_cave_pools, serial_park, serial_park_square2,
          serial_park_square2, serial_park_square1 [serial_park_minivault_5x5_1]
D:10:     kennysheep_seaside_town, layout_basic
D:11:     layout_basic, david_orc_3, serial_shops, shop, kennysheep_mini_moat,
          nicolae_shop_crystal, shop, shop, minmay_hollow_rounded_squares,
          uniq_urug
D:12:     layout_layer_cave, blue_anna_alchemist
D:13:     layout_basic, ximxim_vaults_locker_room
D:14:     layout_layer_cave, hex_medium, columned_hall_lemuel, slow_altar_2
D:15:     grunt_enter_depths_giant_problem, layout_loops_corners, led_sif_pool
Temple:   regret_index_temple_sphere_string
Lair:1:   layout_regular_city, serial_bayou_pond_d
Lair:2:   layout_cave_pods, elwin_shoals_entry_rooms, beast_lair_carwin_8,
          serial_bayou_shore_b, uniq_fannar, uniq_gastronok
Lair:3:   layout_small_grid, minmay_snake_entry_guardpost_small,
          nicolae_quartered_pool_super, evilmike_ambush
          [evilmike_ambush_outer_basic, evilmike_ambush_inner_cross],
          uniq_nergalle
Lair:4:   layout_gridlike, grunt_megastairs_2
Lair:5:   layout_loops_ring
Lair:6:   gammafunk_lair_ancient_temple, layout_cave_shapes, slime_altar_1,
          serial_bayou_shore_a, serial_bayou_shore_b
Orc:1:    layout_caves, enter_bailey_2
Orc:2:    st_orc_town, layout_caves, serial_shops, shop, elves_outpost_lemuel
Elf:1:    layout_geoelf_octagon, evilmike_minifort
Elf:2:    elven_hall_of_blades_hangedman_original [grunt_blade_entry_basic],
          layout_gridlike, nicolae_trove_entry_free_sample, minivault_14
Elf:3:    elf_hall_gauntlet_narrow, layout_gridlike, drop_trap

Skill      XL: |  1  2  3  4  5  6  7  8  9 10 11 12 13 14 15 16 |
---------------+-------------------------------------------------+-----
Spellcasting   | 5 6 8 10 12 14 16 18 20 21 23 24 | 24.4
Fighting       | 1 2 3 4 5 6 7 |  7.9
Armour         | 1 2 3 4 5 6 7 |  7.0
Conjurations   | 2 4 5 7 8 9 11 12 13 14 15 | 15.1
Dodging        | 3 |  3.2
Stealth        | 3 |  3.4
Fire Magic     | 2 3 4 5 7 9 10 11 12 13 14 | 14.6
Evocations     | 2 3 |  3.1
Poison Magic   | 1 |  1.0
Air Magic      | 1 |  1.0
Earth Magic    | 1 |  1.2
Shields        | 1 2 3 4 |  4.0
Ice Magic      | 1 |  1.0
Summonings     | |  1.1
Translocations | |  1.1

Action                   |  1- 3 |  4- 6 |  7- 9 | 10-12 | 13-15 | 16-18 || total
-------------------------+-------+-------+-------+-------+-------+-------++-------
Melee: Dagger            |     9 |     2 |       |       |       |       ||    11
       Staff             |       |     8 |    45 |    28 |       |       ||    81
       Long sword        |       |       |       |    41 |    18 |       ||    59
       Trident           |       |       |       |       |    23 |     2 ||    25
 Cast: Magic Dart        |   104 |    86 |    48 |     9 |     1 |       ||   248
       Conjure Flame     |     2 |     6 |    15 |    21 |       |       ||    44
       Blink             |       |     5 |     6 |     5 |     4 |     2 ||    22
       Mephitic Cloud    |       |     3 |    11 |    43 |    10 |       ||    67
       Call Imp          |       |     4 |     5 |     6 |     1 |       ||    16
       Foxfire           |       |       |   173 |   235 |     7 |       ||   415
       Flame Wave        |       |       |       |    17 |       |       ||    17
       Stone Arrow       |       |       |       |    59 |    24 |    51 ||   134
       Freezing Cloud    |       |       |       |    26 |    12 |       ||    38
       Fireball          |       |       |       |    15 |   431 |    86 ||   532
       Starburst         |       |       |       |       |    29 |     5 ||    34
Evoke: Wand              |       |       |    18 |       |     3 |       ||    21
  Use: Scroll            |       |       |       |     6 |    17 |     1 ||    24
       Potion            |       |       |       |       |     4 |       ||     4
 Stab: Confused          |       |     1 |     1 |     6 |     3 |       ||    11
       Sleeping          |       |       |       |       |       |     1 ||     1
Armor: Robe              |     3 |       |       |       |       |       ||     3
       Leather armour    |       |     7 |    45 |    30 |       |       ||    82
       Troll leather arm |       |       |       |    32 |       |       ||    32
       Ring mail         |       |       |       |     4 |    28 |     7 ||    39
       Acid dragon scale |       |       |       |     1 |       |       ||     1
Dodge: Dodged            |    22 |    17 |    61 |    95 |    22 |     8 ||   225
Block: Buckler           |       |       |       |    10 |    39 |     7 ||    56
       Reflection        |       |       |       |     4 |    10 |     1 ||    15

Table legend: (Time is in decaauts)
 A = Elapsed time spent in this place.
 B = Non-inter-level travel time spent in this place.
 C = Inter-level travel time spent in this place.
 D = Time resting spent in this place.
 E = Time spent auto-exploring this place.
 F = Levels seen in this place.
 G = Mean time per level.
                   A        B        C        D        E       F      G
               +--------+--------+--------+--------+--------+-----+--------+
         Total |  36299 |  33607 |   2692 |   2482 |  26387 |  28 | 1296.4 |
       Dungeon |  22026 |  20039 |   1987 |    767 |  16327 |  15 | 1468.4 |
        Temple |    233 |    209 |     24 |     91 |     15 |   1 |  233.0 |
          Lair |   7261 |   6926 |    335 |    461 |   5851 |   6 | 1210.2 |
  Orcish Mines |   2307 |   2129 |    178 |    105 |   1564 |   2 | 1153.5 |
   Elven Halls |   3530 |   3363 |    167 |    970 |   1930 |   3 | 1176.7 |
        Bailey |    940 |    940 |      0 |     88 |    698 |   1 |  940.0 |
               +--------+--------+--------+--------+--------+-----+--------+

Top non-repeatable levels by time:
    D:13: 1897 daAuts
     D:8: 1838 daAuts
    D:11: 1817 daAuts
     D:5: 1804 daAuts
  Lair:2: 1797 daAuts
    D:14: 1718 daAuts
    D:10: 1655 daAuts
   Orc:2: 1623 daAuts
   Elf:2: 1541 daAuts
     D:1: 1481 daAuts
   Elf:1: 1444 daAuts
    D:15: 1410 daAuts
     D:6: 1368 daAuts
    D:12: 1368 daAuts
  Lair:6: 1363 daAuts
